Map: Nightscape LE

Players

Massa

  • Race: Terran Terran
  • League: Platinum
  • Spawn Location: 7:00

qqq

  • Race: Zerg Zerg
  • Spawn Location: 7:00

серега - Winner!

  • Race: Protoss Protoss
  • League: Gold
  • Spawn Location: 1:00

Князь - Winner!

  • Race: Protoss Protoss
  • League: Platinum
  • Spawn Location: 1:00

VOD

Have the link to the VOD?

Description

Time

  • Played on: Oct. 8, 2020, 2:12 p.m.
  • Length: 6:16
Show
View Real Time Build Order
Export as new Build Order

Massa Terran 

Build Orders: Gas First Reaper Expand 

Get SALT Encoding   

  12  0:01  SCV  
  13  0:13  SCV  
  14  0:25  SCV  
  14  0:26  Supply Depot  
  15  0:34  Refinery  
  15  0:47  SCV  
  15  0:49  Barracks  
  16  1:13  SCV  
  17  1:25  SCV  
  18  1:39  Orbital Command  
  18  1:40  Marine  
  19  1:47  Supply Depot  
  19  1:59  Reaper  
  19  2:01  Factory  
  20  2:32  Command Center  
  20  2:52  Factory Tech Lab  
  20  2:57  Barracks  
  20  2:58  Bunker  
  19  3:23  Cyclone  
  19  3:24  Marine  
  22  3:36  SCV  
  23  3:42  Marine  
  23  3:48  SCV, Marine  
  26  3:55  Cyclone  
  29  3:59  Marine  
  30  4:06  Marine  
  27  4:44  Marine  
  28  4:45  Marine  
  28  4:48  Factory Tech Lab  
  29  5:02  Marine  
  29  5:03  Marine  
  30  5:20  Marine  
  31  5:21  Marine  
  32  5:34  Supply Depot  
  32  5:35  Supply Depot x2  
  32  5:40  Supply Depot  
  32  5:42  Supply Depot  
  32  5:56  SCV, Marine x2  
  38  5:59  Supply Depot  
  38  6:03  Bunker  
Show
View Real Time Build Order
Export as new Build Order

qqq Zerg 

Build Orders: Hatch First 

Get SALT Encoding   

  12  0:02  Drone  
  13  0:17  Drone  
  14  0:39  Hatchery  
  13  0:53  Spawning Pool  
  12  0:58  Overlord  
  12  1:03  Drone  
  13  1:39  Drone x3  
  16  1:44  Roach Warren  
  15  1:52  Drone  
  16  2:01  Queen  
  18  2:04  Drone  
  19  2:17  Zergling x2  
  19  2:18  Zergling x2  
  21  2:32  Extractor  
  21  2:33  Drone x2  
  21  2:35  Zergling x2  
  18  2:52  Extractor  
  18  2:53  Drone x3  
  17  3:01  Hatchery  
  15  3:15  Spine Crawler  
  15  3:17  Drone  
  15  3:21  Spine Crawler  
  15  3:22  Roach  
  16  3:34  Roach  
  16  3:38  Roach  
  13  4:14  Zergling x4  
  13  4:15  Zergling x4  
  15  4:44  Drone x2  
  16  4:53  Drone  
  16  4:55  Drone  
  15  5:27  Drone, Spawning Pool  
  15  5:28  Drone x2  
  17  5:33  Drone  
  18  5:36  Drone  
  19  5:48  Drone x3  
  20  5:53  Drone  
  20  5:56  Drone  
Show
View Real Time Build Order
Export as new Build Order

серега Protoss - Winner!

Build Orders:  

Get SALT Encoding   

  12  0:01  Probe (Chrono Boost)  
  13  0:18  Probe, Pylon  
  14  0:30  Probe  
  15  0:37  Forge  
  15  0:52  Pylon  
  15  0:59  Pylon  
  15  1:11  Pylon  
  15  1:18  Photon Cannon  
  14  1:35  Probe (Chrono Boost)  
  14  1:38  Gateway  
  15  1:41  Assimilator  
  15  1:44  Probe (Chrono Boost)  
  16  2:02  Photon Cannon  
  16  2:05  Probe  
  17  2:17  Pylon  
  17  2:30  Pylon  
  17  2:36  Gateway  
  17  2:46  Photon Cannon  
  17  2:59  Photon Cannon  
  17  3:05  Gateway  
  17  3:31  Photon Cannon  
  17  3:38  Photon Cannon  
  17  3:43  Pylon  
  16  3:50  Zealot  
  18  3:59  Assimilator  
  18  4:06  Cybernetics Core  
  18  4:12  Pylon  
  18  4:13  Zealot  
  20  4:17  Zealot  
  20  4:38  Probe (Chrono Boost)  
  21  4:40  Zealot  
  23  4:46  Stargate  
  23  4:48  Probe (Chrono Boost)  
  24  4:56  Probe (Chrono Boost)  
  25  5:01  Probe (Chrono Boost)  
  26  5:11  Probe  
  25  5:20  Sentry, Stalker  
  27  5:28  Void Ray  
  27  5:30  Stalker  
  33  5:36  Probe (Chrono Boost)  
  34  5:45  Probe (Chrono Boost)  
Show
View Real Time Build Order
Export as new Build Order

Князь Protoss - Winner!

Build Orders:  

Get SALT Encoding   

  12  0:44  Pylon  
  12  1:02  Gateway  
  12  1:04  Gateway  
  12  1:06  Gateway  
  12  1:07  Gateway  
  12  1:11  Probe  
  13  1:27  Pylon  
  13  1:29  Probe  
  14  1:44  Probe  
  15  1:49  Zealot (Chrono Boost)  
  15  1:52  Zealot (Chrono Boost)  
  21  2:01  Zealot (Chrono Boost)  
  23  2:14  Zealot (Chrono Boost)  
  23  2:15  Zealot (Chrono Boost)  
  25  2:18  Zealot (Chrono Boost)  
  27  2:42  Zealot x2  
  31  3:04  Cybernetics Core  
  31  3:06  Assimilator  
  31  3:10  Assimilator  
  31  4:02  Zealot  
  31  4:12  Zealot  
  31  4:15  Pylon  
  31  4:16  Probe (Chrono Boost), Pylon, Zealot  
  30  4:19  Pylon  
  30  4:21  Probe (Chrono Boost)  
  31  4:27  Zealot  
  31  4:33  Probe  
  34  4:58  Probe (Chrono Boost)  
  31  5:01  Stalker  
  31  5:02  Stalker  
  31  5:04  Stalker  
  31  5:06  Stalker  
  36  5:08  Probe (Chrono Boost)  
  36  5:13  Probe (Chrono Boost)  
  34  5:18  Gateway  
  33  5:21  Robotics Facility  
Tags
 
Add a new tag
Caveats
  • Supply blocks, unpowered buildings, or Contaminate may cause inaccurate times.
  • Supply counts are checked every 10 seconds.